 Seeded DCSS version 0.30-a0-900-g23479c02f2 (webtiles) character file.

Game seed: 77026994919184828 (custom seed)

55 hikkokomori the Ducker (level 3, -2/29 HPs)
             Began as a Merfolk Gladiator on Mar 18, 2023.
             Killed by nerve-wracking pain
             ... invoked by Grinder
              (9 damage)
             ... on level 3 of the Dungeon.
             The game lasted 00:01:38 (1396 turns).

hikkokomori the Ducker (Merfolk Gladiator)          Turns: 1396, Time: 00:01:39

Health: -2/29      AC:  4    Str: 14    XL:     3   Next: 93%
Magic:  3/3        EV: 14    Int:  7    God:
Gold:   36         SH:  0    Dex: 17    Spells: 2/2 levels left

rFire   . . .      SeeInvis .    a - +0 long sword
rCold   . . .      Faith    .    (no shield)
rNeg    . . .      Spirit   .    b - +0 leather armour
rPois   .          Reflect  .    c - +0 helmet
rElec   .          Rampage  .    (no cloak)
rCorr   .                        (no gloves)
Will    .....                    (no boots)
Stlth   +                        (no amulet)
HPRegen 0.24/turn                (no ring)
MPRegen 0.08/turn                (no ring)

@: no status effects
A: (nimble swimmer 2), mertail
a: no special abilities


You were on level 3 of the Dungeon.
You visited 1 branch of the dungeon, and saw 3 of its levels.

You collected 36 gold pieces.

Inventory:

Hand Weapons
 a - a +0 long sword (weapon)
Missiles
 d - 3 throwing nets (quivered)
 e - a javelin
 h - 2 silver javelins
Armour
 b - a +0 leather armour (worn)
 c - a +0 helmet (worn)
Scrolls
 g - 3 scrolls of identify
Potions
 f - 2 potions of heal wounds
 i - 2 potions of mutation
 j - a potion of lignification {unknown}


   Skills:
 + Level 3.1 Fighting
 + Level 4.3 Long Blades
 - Level 2.0 Throwing
 + Level 4.8 Dodging


You had 2 spell levels left.
You didn't know any spells.
Your spell library contained the following spells:

 Spells                   Type           Power      Damage    Failure   Level
 Ensorcelled Hibernation  Hex/Ice        0%         N/A       65%         2
 Passwall                 Tmut/Erth      0%         N/A       65%         2
 Swiftness                Air            0%         N/A       87%         3
 Vhi's Electric Charge    Tloc/Air       0%         N/A       87%         3
 Arcjolt                  Conj/Air       0%         1d10      100%        5
 Maxwell's Capacitive Co  Air            0%         ∞         100%        8


Dungeon Overview and Level Annotations

Branches:
Dungeon (2/15)

Altars:
Okawaru

Annotations:
D:3 1 runed translucent door, Grinder; benadryl's ghost, amateur BaHu


Innate Abilities, Weirdness & Mutations

((You are very nimble when in or above water. (Stealth+, EV+, Speed+++)))
Your lower body shifts to a powerful aquatic tail in water.


Message History

You barely miss Grinder.
Grinder is heavily wounded.
Grinder drinks a potion.
Grinder is healed!
You hit Grinder but do no damage.
Grinder is lightly wounded.
Grinder hits you.
You are too injured to fight recklessly!
You are too injured to fight recklessly!
You are too injured to fight recklessly!
You are too injured to fight recklessly!
You are too injured to fight recklessly!
You are too injured to fight recklessly!
You are too injured to fight recklessly!
You are too injured to fight recklessly!
You are too injured to fight recklessly!
You are too injured to fight recklessly!
You are too injured to fight recklessly!
You are too injured to fight recklessly!
You are too injured to fight recklessly!
You are too injured to fight recklessly!
You are too injured to fight recklessly!
You are too injured to fight recklessly!
You are too injured to fight recklessly!
You are too injured to fight recklessly!
You are too injured to fight recklessly!
You are too injured to fight recklessly!
Unknown command.
You barely miss Grinder.
Grinder is lightly wounded.
Grinder gestures at you.
You barely resist. You hit Grinder but do no damage.
Grinder is lightly wounded.
Grinder gestures at you. Pain shoots through your body!
* * * LOW HITPOINT WARNING * * *
Grinder blinks!
Grinder gestures at you. Pain shoots through your body!
You die...

##.#.########
...#.# #$.#.#
#..#.# #..#.#
#>.#.# #<5#.#
#..#.# #@.#.#
#..#.#
#.####..#.#
.$......#.#
..........#
###########


You could see Grinder.

Vanquished Creatures
  An adder (D:3)
  2 worms (D:2)
  4 orcs (D:3)
  3 ball pythons
  A giant cockroach (D:1)
  2 goblins (D:3)
  A hobgoblin (D:2)
  6 jackals (D:1)
  3 quokkas
  7 bats
  A frilled lizard (D:3)
  A rat (D:1)
32 creatures vanquished.

Vanquished Creatures (others)
  5 plants (D:3)
5 creatures vanquished.

Grand Total: 37 creatures vanquished

Notes
Turn   | Place    | Note
-------+----------+-------------------------------------------
     0 | D:1      | hikkokomori the Merfolk Gladiator began the quest for the
                  | Orb.
     0 | D:1      | Reached XP level 1. HP: 16/16 MP: 1/1
   180 | D:1      | Found an iron altar of Okawaru.
   241 | D:1      | Reached XP level 2. HP: 23/23 MP: 2/2
   697 | D:2      | Reached XP level 3. HP: 16/28 MP: 3/3
   990 | D:2      | You fall into a shaft and drop 1 floor!
  1129 | D:3      | Found a runed translucent door.
  1129 | D:3      | Noticed benadryl's ghost (amateur BaHu)
  1373 | D:3      | Noticed Grinder
  1382 | D:3      | Paralysed by Grinder for 5 turns
  1396 | D:3      | Killed from afar by Grinder

Illustrated notes

Levels and vault maps discovered:
D:1:      dpeg_arrival_water_altar, layout_loops_ring
D:2:      minmay_chambers_of_ones, layout_loops_corners, nrook_loot_triangle,
          uniq_natasha, uniq_sigmund
D:3:      layout_loops_ring, serial_shops, nicolae_shop_statue_plus,
          gammafunk_ghost_grave, serial_forest, infiniplex_forest_clump_double,
          infiniplex_forest_pool, infiniplex_forest_end_2,
          infiniplex_forest_straight_2, infiniplex_forest_lined_1,
          infiniplex_forest_lined_1, infiniplex_forest_corner_2,
          infiniplex_forest_3_way, uniq_grinder

Skill      XL: |  1  2  3 |
---------------+----------+-----
Long Blades    | 4 |  4.3
Fighting       | 3 |  3.1
Throwing       | |  2.0
Dodging        | |  4.8

Action                     || total
---------------------------++-------
  Melee: Long sword        ||   105
    Use: Potion            ||     2
         Scroll            ||     1
 Armour: Leather armour    ||    28
  Dodge: Dodged            ||    90

Table legend: (Time is in decaauts)
 A = Elapsed time spent in this place.
 B = Non-inter-level travel time spent in this place.
 C = Inter-level travel time spent in this place.
 D = Time resting spent in this place.
 E = Time spent auto-exploring this place.
 F = Levels seen in this place.
 G = Mean time per level.
                   A        B        C        D        E       F      G
               +--------+--------+--------+--------+--------+-----+--------+
         Total |   1411 |   1411 |      0 |     68 |   1083 |   3 |  470.3 |
       Dungeon |   1411 |   1411 |      0 |     68 |   1083 |   3 |  470.3 |
               +--------+--------+--------+--------+--------+-----+--------+

Top non-repeatable levels by time:
     D:1: 661 daAuts
     D:3: 412 daAuts
     D:2: 337 daAuts
